 Dungeon Crawl Stone Soup version 0.16.0-18-g484a79e (webtiles) character file.

330 sugabear the Shield-Bearer (level 6, -3/39 HPs)
             Began as a Gargoyle Fighter on Mar 23, 2015.
             Killed by nerve-wracking pain
             ... invoked by an orc priest
              (7 damage)
             ... on level 4 of the Dungeon.
             The game lasted 00:03:51 (2424 turns).

sugabear the Shield-Bearer (Gargoyle Fighter)       Turns: 2424, Time: 00:03:51

Health: -3/39      AC: 11    Str: 22    XL:     6   Next: 51%
Magic:  6/6        EV: 14    Int:  8    God:
Gold:   183        SH:  9    Dex:  9    Spells: 0 memorised, 5 levels left

rFire  . . .     SeeInvis .     a - +0 war axe
rCold  . . .     Clarity  .     h - +0 leather armour (curse)
rNeg   + . .     SustAb   .     c - +0 shield
rPois  ∞         Gourm    .     t - +2 helmet
rElec  +         Spirit   .     (no cloak)
rCorr  .         Warding  .     (no gloves)
rMut   .         Stasis   .     (no boots)
MR     .....                    (no amulet)
Stlth  +.........               (no ring)
                                s - +4 ring of evasion

@: not resistant to hostile enchantments, very unstealthy
A: negative energy resistance 1, electricity resistance, unbreathing,
petrification resistance, rot immunity, AC +4
a: no special abilities


You were on level 4 of the Dungeon.
You were not hungry.

You visited 1 branch of the dungeon, and saw 4 of its levels.

You collected 183 gold pieces.

Inventory:

Hand weapons
 a - a +0 war axe (weapon)
Armour
 b - a +0 scale mail
 c - a +0 shield (worn)
 h - a cursed +0 leather armour (worn)
 t - a +2 helmet (worn)
Jewellery
 s - a +4 ring of evasion (left hand)
Scrolls
 f - 5 scrolls of magic mapping {unknown}
 g - 2 scrolls of identify {unknown}
 m - 2 scrolls of enchant weapon {unknown}
 o - a scroll of remove curse {unknown}
 v - a scroll of teleportation {unknown}
 y - 2 scrolls of recharging {unknown}
Potions
 e - a potion of might
 i - 2 potions of lignification {unknown}
 j - a potion of ambrosia {unknown}
 l - 3 potions of restore abilities {unknown}
 n - 2 potions of curing {unknown}
 q - a potion of brilliance {unknown}
 r - a potion of cure mutation {unknown}
 w - a potion of resistance {unknown}
 x - a potion of heal wounds {unknown}
 z - a potion of magic {unknown}
 A - a potion of haste {unknown}
Books
 p - a book of Dreams

   Spells                             Type                      Level
   a - Ensorcelled Hibernation        Hexes/Ice                    2
   b - Flight                         Charms/Air                   3
   c - Phase Shift                    Translocation                5
   d - Shadow Creatures               Summoning                    5
   e - Mass Confusion                 Hexes                        6
   f - Darkness                       Hexes                        7
Comestibles
 d - 2 bread rations
 k - 3 fruits
 u - a meat ration
 B - 2 chunks of flesh


   Skills:
 + Level 4.3 Fighting
 + Level 3.1 Axes
 + Level 3.8 Armour
 + Level 2.4 Dodging
 + Level 1.0 Stealth
 + Level 4.7 Shields


You had 5 spell levels left.
You didn't know any spells.

Dungeon Overview and Level Annotations

Branches:
Dungeon (4/15)
 Temple: D:4-7

Altars:
Ashenzari
Dithmenos
Fedhas
Okawaru


Innate Abilities, Weirdness & Mutations

You are resistant to torment.
You are immune to poison.
Your stone body is very resilient (AC +4).
You resist negative energy.
You are resistant to electric shocks.
You can survive without breathing.
You are immune to petrification.
You are immune to rotting.


Message History

The orc priest invokes the aid of Beogh against you.
Something smites you! You block the orc wizard's attack.
You block the orc priest's attack.
You completely miss the orc priest.
The orc priest is lightly wounded.
You hit the orc wizard but do no damage.
The orc wizard completely misses you.
The orc priest mumbles some strange prayers to Beogh against you.
Something smites you!
* * * LOW HITPOINT WARNING * * *
You block the orc wizard's attack.
You closely miss the orc priest.
The orc priest is lightly wounded.
You hit the orc wizard but do no damage.
You block the orc priest's attack. You block the orc wizard's attack.
The orc wizard hits you but does no damage.
The orc hits you but does no damage.
The orc priest calls down the wrath of Beogh upon you.
Pain shoots through your body!
You die...

#......## ##.### .
#..##..## ###..## .. #
##.####..†..# ....
##........#.## #..
##..#...###.... #...
##..##..##....##
#...###..####.......##
..##...oo..##
#..###..##
#.......@o.# #.##
#..## ##....###..# .
#..#. .... ##.# ##..#
.. ##.# ##.## .# #..#
## ####


You could see an orc priest, an orc wizard and an orc.

Vanquished Creatures
  An ogre (D:4)
  The ghost of Artificial the Skirmisher, a weakling HOFi of Beogh (D:3)
  A crimson imp (D:3)
  2 orc wizards
  3 gnolls (D:2)
  4 adders (D:2)
  An adder skeleton (D:4)
  A giant gecko (D:3)
  An ooze (D:1)
  6 orcs
  2 giant cockroaches
  5 goblins
  5 hobgoblins (D:3)
  3 jackals (D:3)
  9 kobolds
  7 bats
  A giant newt (D:1)
  A quokka (D:4)
  7 rats
61 creatures vanquished.

Notes
Turn   | Place    | Note
--------------------------------------------------------------
     0 | D:1      | sugabear, the Gargoyle Fighter, began the quest for the Orb.
     0 | D:1      | Reached XP level 1. HP: 14/14 MP: 1/1
   316 | D:1      | Reached XP level 2. HP: 19/19 MP: 2/2
   546 | D:2      | Reached XP level 3. HP: 8/23 MP: 3/3
  1082 | D:2      | Reached XP level 4. HP: 20/29 MP: 4/4
  1181 | D:2      | Reached skill level 4 in Shields
  1589 | D:3      | Noticed Artificial's ghost (weakling HOFi)
  1620 | D:3      | Killed Artificial's ghost
  1620 | D:3      | Reached skill level 1 in Dodging
  1620 | D:3      | Reached XP level 5. HP: 26/33 MP: 5/5
  1651 | D:3      | Found a blossoming altar of Fedhas.
  1850 | D:3      | Found a shattered altar of Ashenzari.
  1851 | D:3      | Found a shadowy altar of Dithmenos.
  2205 | D:4      | Noticed an ogre
  2214 | D:4      | Killed an ogre
  2214 | D:4      | Reached skill level 1 in Stealth
  2214 | D:4      | Reached XP level 6. HP: 26/38 MP: 6/6
  2271 | D:4      | Found an iron altar of Okawaru.
  2424 | D:4      | Killed from afar by an orc priest

Action                   |  1- 3 |  4- 6 || total
-------------------------+-------+-------++-------
Melee: War axe           |    57 |   174 ||   231
  Eat: Chunk             |       |     5 ||     5
